 Dungeon Crawl Stone Soup version 0.20-a0-1026-gc3ddcbd (webtiles) character file.

425 KristoblXynda the Sneak (level 6, 0/51 HPs)
             Began as a Naga Enchanter on Apr 20, 2017.
             Slain by a gnoll
             ... wielding a +0 flail
              (3 damage)
             ... on level 4 of the Dungeon.
             The game lasted 00:15:44 (4635 turns).

KristoblXynda the Sneak (Naga Enchanter)            Turns: 4635, Time: 00:15:45

Health: 0/51       AC:  9    Str: 11    XL:     6   Next: 96%
Magic:  0/11       EV: 10    Int: 17    God:
Gold:   322        SH:  0    Dex: 14    Spells: 6/11 levels left

rFire    + + .     SeeInvis +   a - +2 dagger
rCold    + . .     Gourm    .   (no shield)
rNeg     . . .     Faith    .   b - +0 robe
rPois    +         Spirit   .   i - +0 helmet (curse)
rElec    +         Reflect  .   (no cloak)
rCorr    +         Harm     .   g - +1 pair of gloves
MR       .....                  (no barding)
Stlth    ++++......             (no amulet)
Regen    0.2/turn               o - +3 ring of dexterity
MPRegen  0.2/turn               (no ring)

@: about to teleport, resistant, very slightly contaminated, very slow
A: molten scales 2, see invisible, deformed body, fire resistance 1, poison
resistance, slowness 2, slow metabolism 1, spit poison 1, AC +2
a: Spit Poison


You were on level 4 of the Dungeon.
You were hungry.

You visited 1 branch of the dungeon, and saw 4 of its levels.

You collected 322 gold pieces.

Inventory:

Hand Weapons
 a - a +2 dagger (weapon)
Armour
 b - a +0 robe (worn)
 g - a +1 pair of gloves (worn)
 i - a cursed +0 helmet (worn)
Jewellery
 o - a +3 ring of dexterity (left hand)
Scrolls
 m - 2 scrolls of enchant weapon
 q - a scroll of identify
Potions
 k - a potion of brilliance
 l - 2 potions of agility
 n - a potion of flight
Books
 c - a book of Maledictions

   Spells                             Type                      Level
   a - Corona                         Hexes                        1
   b - Ensorcelled Hibernation        Hexes/Ice                    2
   c - Confuse                        Hexes                        3
   d - Tukima's Dance                 Hexes                        3
   e - Dazzling Spray                 Conjuration/Hexes            3
 p - a book of Minor Magic

   Spells                             Type                      Level
   a - Magic Dart                     Conjuration                  1
   b - Blink                          Translocation                2
   c - Call Imp                       Summoning                    2
   d - Slow                           Hexes                        2
   e - Conjure Flame                  Conjuration/Fire             3
   f - Mephitic Cloud                 Conjuration/Poison/Air       3
Comestibles
 d - 2 bread rations
 f - 3 fruits
 j - a meat ration
 s - 2 royal jellies


   Skills:
 - Level 1.0 Fighting
 - Level 2.1 Short Blades
 - Level 2.1 Dodging
 + Level 7.3 Stealth
 + Level 3.3 Spellcasting
 + Level 4.9 Hexes


You had 6 spell levels left.
You knew the following spells:

 Your Spells              Type           Power        Failure   Level  Hunger
b - Ensorcelled Hibernat  Hex/Ice        ##....       10%         2    ##.....
c - Confuse               Hex            ###.....     7%          3    ###....


Dungeon Overview and Level Annotations

Branches:
Dungeon (4/15)
 Temple: D:4-7

Altars:
Fedhas
Makhleb
Sif Muna
Xom
The Shining One

Annotations:
D:3 Ijustatesigmund's ghost, amateur NaAs


Innate Abilities, Weirdness & Mutations

You cannot wear boots.
Your serpentine skin is tough. (AC +2)
You have supernaturally acute eyesight. (SInv)
Armour fits poorly on your strangely shaped body.
Your system is resistant to poisons. (rPois)
You cover ground very slowly.
You have a slow metabolism.
You can spit poison.
You are mostly covered in molten scales. (AC +3)
Your flesh is heat resistant. (rF+)


Message History

It was a potion of resistance.
You feel protected. The gnoll closely misses you.
Okay, then.
Unknown command.
Casting: Ensorcelled Hibernation
Confirm with . or Enter, or press ? or * to list all spells.
Aiming: Ensorcelled Hibernation
Press: ? - help, Shift-Dir - straight line, f/p - gnoll
Aim: a gnoll, wielding a flail (heavily wounded, chance to defeat MR: 50%)
The gnoll resists with some effort.
The gnoll barely misses you.
Okay, then.
As you read the scroll labeled GIKILISSY NUFYC, it crumbles to dust.
The scroll dissolves into smoke.
It was a scroll of fog.
You have got your breath back.
The gnoll hits you with a flail.
* * * LOW HITPOINT WARNING * * *
As you read the scroll of teleportation, it crumbles to dust.
You feel strangely unstable. The gnoll hits you with a flail.
You die...

.#.............# ##...##
.#..#######.##.####.....##
.#>....†.................#
.....>..................##
....#######.##...###...##
.[..# #)##.#.# ##.## ....#
#.##.#§# #.#
....#######.##.#§# #.#
...[........##.#@# #.#
#..............#g# #.#
#...############§# #.#
#.... #§# #.# ##... #)#
#.# ##.# #.####.# #.#
#......####### #.
#.............
#.......######


You could see a gnoll.

Vanquished Creatures
  A scorpion (D:4)
  A howler monkey (D:4)
  A hound (D:3)
  Jessica (D:2)
  A worker ant (D:3)
  Robin (D:3)
  9 gnolls
  2 adders
  2 oozes
  An adder skeleton (D:4)
  3 worms (D:2)
  3 dart slugs (D:1)
  6 leopard geckos
  5 orcs (D:3)
  3 ball pythons
  7 giant cockroaches
  18 goblins
  9 hobgoblins
  6 jackals
  9 kobolds
  A quokka (D:3)
  6 bats
  8 frilled lizards
  4 rats
108 creatures vanquished.

Notes
Turn   | Place    | Note
-------+----------+-------------------------------------------
     0 | D:1      | KristoblXynda the Naga Enchanter began the quest for the Orb.
     0 | D:1      | Reached XP level 1. HP: 15/15 MP: 3/3
    30 | D:1      | Found a burning altar of Makhleb.
   276 | D:1      | Reached XP level 2. HP: 19/22 MP: 5/5
   385 | D:1      | HP: 1/22 [leopard gecko (4)]
   845 | D:1      | Reached XP level 3. HP: 28/28 MP: 6/6
  1048 | D:2      | Learned a level 2 spell: Ensorcelled Hibernation
  1052 | D:2      | Learned a level 3 spell: Confuse
  1148 | D:2      | Reached skill level 5 in Stealth
  1584 | D:2      | Reached XP level 4. HP: 30/36 MP: 7/7
  1706 | D:2      | Noticed Jessica
  1711 | D:2      | Killed Jessica
  1757 | D:2      | Reached skill level 6 in Stealth
  1757 | D:2      | Reached XP level 5. HP: 43/43 MP: 1/8
  2164 | D:2      | Reached skill level 1 in Fighting
  2508 | D:3      | Found a glowing golden altar of the Shining One.
  2593 | D:3      | Found a blossoming altar of Fedhas.
  3347 | D:3      | Noticed Ijustatesigmund's ghost (amateur NaAs)
  3694 | D:3      | Found a deep blue altar of Sif Muna.
  4171 | D:3      | Noticed Robin
  4179 | D:3      | Reached XP level 6. HP: 37/51 MP: 9/9
  4226 | D:3      | Killed Robin
  4428 | D:4      | Found a shimmering altar of Xom.
  4533 | D:4      | Reached skill level 7 in Stealth
  4629 | D:4      | Gained mutation: You are partially covered in molten scales. (AC +2) [potion of mutation]
  4629 | D:4      | Gained mutation: You are mostly covered in molten scales. (AC +3) [potion of mutation]
  4629 | D:4      | Gained mutation: Your flesh is heat resistant. (rF+) [potion of mutation]
  4633 | D:4      | HP: 2/51 [gnoll/flail (3)]
  4635 | D:4      | Slain by a gnoll

Vault maps used:
D:1:      eino_arrival_tree_alley, minmay_misc_feat_doors, minmay_hexomino_r4
D:2:      uniq_jessica
D:3:      kennysheep_goblin_castle, nicolae_tso_swordbearing_angel,
          lemuel_blue_sif_altar, fedhas_altar_1
D:4:      kennysheep_mini, first_bread, kennysheep_another_room, uniq_sigmund

Skill      XL: |  1  2  3  4  5  6 |
---------------+-------------------+-----
Dodging        | 2 |  2.1
Stealth        | 5 6 7 |  7.3
Short Blades   | 2 |  2.1
Fighting       | 1 |  1.0
Hexes          | 4 |  4.9
Spellcasting   | 3 |  3.3

Action                   |  1- 3 |  4- 6 || total
-------------------------+-------+-------++-------
Melee: Dagger            |   138 |   287 ||   425
 Cast: Ensorcelled Hiber |     3 |    29 ||    32
       Confuse           |       |     5 ||     5
 Abil: Spit Poison       |     3 |     6 ||     9
  Use: Potion            |     1 |     3 ||     4
       Scroll            |       |    11 ||    11
 Stab: Sleeping          |     7 |    27 ||    34
       Distracted        |     1 |       ||     1
       Confused          |       |     1 ||     1
  Eat: Chunk             |     2 |     9 ||    11
       Fruit             |       |     1 ||     1
Armor: Robe              |    34 |    81 ||   115
Dodge: Dodged            |    56 |   187 ||   243
